 Dungeon Crawl Stone Soup version 0.31-a0-1405-g2bb1a01664 (webtiles) character file.

Game seed: 4063237053443515685

2510 timneilson the Covered (level 9, -5/55 HPs)
             Began as a Gargoyle Fighter on Dec 25, 2023.
             Was a Follower of Makhleb.
             Incinerated by a deep elf pyromancer (9 damage)
             ... with a pyre arrow
             ... on level 7 of the Dungeon.
             The game lasted 00:14:19 (6418 turns).

timneilson the Covered (Gargoyle Fighter)           Turns: 6418, Time: 00:14:19

Health: -5/55      AC: 18    Str: 21    XL:     9   Next: 53%
Magic:  0/11       EV: 10    Int:  8    God:    Makhleb [*.....]
Gold:   372        SH:  7    Dex: 19    Spells: 8/8 levels left

rFire   . . .        a - +0 long sword
rCold   . . .        c - +1 buckler
rNeg    + . .        e - +0 chain mail
rPois   ∞            (no helmet)
rElec   +            (no cloak)
rCorr   .            (no gloves)
SInv    .            n - +0 pair of boots
Will    .....        m - amulet of guardian spirit Stlth
                     b - +6 ring of dexterity
HPRegen 0.29/turn    (no ring)
MPRegen 0.12/turn

%: guardian spirit
@: on fire, glowing
A: sickness immunity, AC +6, negative energy resistance 1, electricity
resistance, torment resistance 1, petrification resistance
a: Renounce Religion


You were on level 7 of the Dungeon.
You worshipped Makhleb.
Makhleb was aware of your devotion.
You visited 2 branches of the dungeon, and saw 8 of its levels.
You also visited: Sewer.

You collected 372 gold pieces.

Inventory:

Hand Weapons
 a - a +0 long sword (weapon)
Armour
 c - a +1 buckler (worn)
 e - a +0 chain mail (worn)
 n - a +0 pair of boots (worn)
Jewellery
 b - a +6 ring of dexterity (left hand)
 h - a ring of magical power
 m - an amulet of guardian spirit (around neck)
Wands
 d - a wand of iceblast (6)
Scrolls
 f - a scroll of amnesia
 j - 3 scrolls of teleportation
 q - a scroll of torment
 r - a scroll of poison
 s - a scroll of immolation
Potions
 g - 6 potions of lignification
 k - a potion of invisibility
 l - 4 potions of mutation
 o - a potion of curing
 p - a potion of resistance
 t - a potion of attraction
 u - a potion of berserk rage {unknown}


   Skills:
 + Level 5.7 Fighting
 * Level 5.7 Long Blades
 * Level 7.4 Armour
 + Level 3.2 Dodging
 * Level 7.3 Shields
 + Level 3.0 Invocations
 + Level 1.8 Evocations


You had 8 spell levels left.
You didn't know any spells.
Your spell library contained the following spells:

 Spells                   Type           Power      Damage    Failure   Level
 Foxfire                  Conj/Fire      0%         2x1d4     97%         1
 Magic Dart               Conj           0%         1d3       97%         1
 Blink                    Tloc           0%         N/A       99%         2
 Call Imp                 Summ           0%         N/A       99%         2
 Lesser Beckoning         Tloc           0%         N/A       99%         2
 Searing Ray              Conj           0%         2d4       99%         2
 Static Discharge         Conj/Air       0%         3-3/arc   99%         2
 Gell's Gravitas          Tloc           0%         N/A       100%        3
 Teleport Other           Tloc           0%         N/A       100%        3
 Airstrike                Air            0%         2d(0-16)  100%        4
 Fulminant Prism          Conj/Alch      0%         3d5       100%        4
 Summon Lightning Spire   Summ/Air       0%         N/A       100%        4
 Plasma Beam              Fire/Air       0%         2x1d10    100%        6
 Starburst                Conj/Fire      0%         6d3       100%        6


Dungeon Overview and Level Annotations

Branches:
Dungeon (7/15)             Temple (1/1) D:4           Sewer (visited)

Altars:
Cheibriados
Dithmenos
Fedhas
Gozag
Hepliaklqana
Kikubaaqudgha
Makhleb
Okawaru
Qazlal
Trog
Uskayaw
Vehumet
Wu Jian
Zin
The Shining One

Shops:
D:5 (


Innate Abilities, Weirdness & Mutations

You are immune to sickness and miasma.
Your stone body is resilient. (AC +6)
You are immune to poison.
You resist negative energy. (rN+)
You are resistant to electric shocks. (rElec)
You are resistant to unholy torment.
You are immune to petrification.


Message History

You hit the deep elf pyromancer but do no damage.
The deep elf pyromancer is heavily wounded.
The liquid fire burns you!
The deep elf pyromancer points at you and mumbles some strange words.
The bolt of fire hits you!!
You hit the deep elf pyromancer but do no damage.
The deep elf pyromancer is heavily wounded.
The liquid fire burns you!
* * * LOW HITPOINT WARNING * * *
The deep elf pyromancer gestures at you while chanting.
The pyre arrow hits you.
You are even more covered in intense liquid fire!
You feel much better. The liquid fire burns you!
The deep elf pyromancer points at you and mumbles some strange words.
The pyre arrow hits you.
You are even more covered in intense liquid fire!
You slash the deep elf pyromancer!
The deep elf pyromancer is severely wounded.
The liquid fire burns you!
The deep elf pyromancer hits you but does no damage.
You hit the deep elf pyromancer but do no damage.
The deep elf pyromancer is severely wounded.
The liquid fire burns you!
* * * LOW HITPOINT WARNING * * *
The deep elf pyromancer barely misses you.
The deep elf pyromancer hits you but does no damage.
You feel better. The liquid fire burns you!
The deep elf pyromancer hits you with a +0 long sword.
You slash the deep elf pyromancer!
You kill the deep elf pyromancer!
Makhleb accepts your kill. The liquid fire burns you!
* * * LOW HITPOINT WARNING * * *
Your Invocations skill increases to level 3!
Unknown command.
You shake off some of the fire as you move.
The liquid fire burns you!
You die...

######.#.###........#
.......#####)#####..#
.#####..............###
.######.....##.###....#
.#..........##..##.##.#### ####
.#.####..................# ##...
.............###########.#
##..## ##...........#..'..$+
#.###...## #.#######...#..@...+
#.##.....# #.# #...#..'..?+
#.#....... #.#
#...#..#+++#..#.#......# #.#
#...#..#...#..#.#.#...## #.#
##..#..#...#..#...##..# #.#
#..#..#...#..#.####..# #.#
#..#..#.>.#..#.# #..# #.#
#..#..#...#..#.####..##
#.########..#..8...8..#.#.......


There were no monsters in sight!

Vanquished Creatures
  A deep elf pyromancer (D:7)
  A water moccasin (D:5)
  Duvessa (D:5)
  Pargi (Sewer)
  2 sky beasts
  2 ogres
  3 phantoms
  2 centaurs
  A bullfrog (D:6)
  2 brain worms (Sewer)
  A scorpion (D:5)
  Dowan (D:5)
  A jelly (D:4)
  A gnoll bouda (D:6)
  2 orc priests (D:5)
  7 iguanas
  A sleepcap (D:5)
  5 orc wizards
  8 gnolls
  11 adders
  3 white imps
  2 ufetubi (D:6)
  2 worms
  2 dart slugs
  8 orcs
  5 ball pythons
  8 endoplasms
  2 giant cockroaches (Sewer)
  8 goblins
  3 hobgoblins
  8 jackals
  3 quokkas
  6 bats
  5 frilled lizards
  11 kobolds
  8 rats
138 creatures vanquished.

Vanquished Creatures (others)
  An orc (D:5)
1 creature vanquished.

Grand Total: 139 creatures vanquished

Notes
Turn   | Place    | Note
-------+----------+-------------------------------------------
     0 | D:1      | timneilson the Gargoyle Fighter began the quest for the
                  | Orb.
     0 | D:1      | Reached XP level 1. HP: 14/14 MP: 1/1
   118 | D:1      | Reached XP level 2. HP: 19/19 MP: 2/2
   725 | D:2      | Reached XP level 3. HP: 20/23 MP: 3/3
   756 | D:2      | Found a snail-covered altar of Cheibriados.
  1412 | D:2      | Reached XP level 4. HP: 28/28 MP: 4/4
  1767 | D:3      | Noticed a phantom
  1806 | D:2      | Killed a phantom
  1807 | D:2      | Reached skill level 1 in Dodging
  1807 | D:2      | Reached XP level 5. HP: 14/33 MP: 5/5
  1908 | D:3      | Found a blossoming altar of Fedhas.
  2301 | D:3      | You fall into a shaft and drop 2 floors!
  2301 | D:5      | Entered Level 5 of the Dungeon
  2656 | D:4      | Reached XP level 6. HP: 30/38 MP: 6/6
  2816 | D:4      | Reached skill level 5 in Armour
  2858 | D:4      | Found a glowing drain.
  2872 | Sewer    | Entered a sewer
  2891 | Sewer    | Noticed Pargi
  2901 | Sewer    | Killed Pargi
  2902 | Sewer    | Reached skill level 5 in Shields
  2902 | Sewer    | Reached XP level 7. HP: 30/44 MP: 7/7
  3187 | D:4      | Found a staircase to the Ecumenical Temple.
  3204 | Temple   | Entered the Ecumenical Temple
  3211 | Temple   | Became a worshipper of Makhleb the Destroyer
  3687 | D:4      | Reached XP level 8. HP: 36/48 MP: 4/8
  3900 | D:5      | Reached skill level 1 in Invocations
  4063 | D:5      | Reached skill level 5 in Fighting
  4076 | D:5      | Found Lingeu's Weapon Emporium.
  4084 | D:5      | Identified the +12 whip "Tyehoi" {flame, Will+ Str-2
                  | Stlth+}
  4184 | D:5      | Noticed Duvessa
  4187 | D:5      | Noticed Dowan
  4195 | D:5      | Killed Duvessa
  4196 | D:5      | Reached * piety under Makhleb
  4212 | D:5      | Killed Dowan
  4467 | D:5      | Identified the +3 flail "Roun" {freeze, Fly rPois rCorr
                  | Int-4}
  4682 | D:6      | Reached skill level 5 in Long Blades
  4732 | D:6      | Reached XP level 9. HP: 20/54 MP: 5/10
  4981 | D:6      | Reached skill level 1 in Evocations
  6396 | D:7      | Noticed a deep elf pyromancer
  6417 | D:7      | Killed a deep elf pyromancer
  6418 | D:7      | Incinerated by a deep elf pyromancer

Illustrated notes

Levels and vault maps discovered:
D:1:      ebering_trefoil_3fold, layout_basic, minmay_3d_cube
D:2:      layout_loops_corners, basic_altar, serial_rivers,
          chequers_serial_rivers_micro_e, chequers_serial_rivers_small_3,
          chequers_serial_rivers_room_b, chequers_serial_rivers_micro_a,
          minmay_misc_feat_rugged
D:3:      layout_loops_ring, mainiacjoe_overflow_small_starburst,
          nicolae_kite_square_tiling_tiny
D:4:      cheibrodos_barr_body, layout_basic, minmay_temple_entry_trees,
          portal_sewer_entry_d
D:5:      layout_basic, chequers_mini_garden, nicolae_stop_n_shop_1,
          uniq_duvessa
D:6:      layout_basic, kb_lookout_dungeons_type
D:7:      layout_loops_ring, mainiacjoe_overflow_alcove_2,
          guppyfry_early_elven_hall
Temple:   nicolae_temple_bog_church

Skill      XL: |  1  2  3  4  5  6  7  8  9 |
---------------+----------------------------+-----
Long Blades    | 2 3 4 5 |  5.7
Armour         | 4 5 6 7 |  7.4
Dodging        | 1 2 3 |  3.2
Shields        | 4 5 6 7 |  7.3
Fighting       | 4 5 |  5.7
Invocations    | 2 3 |  3.0
Evocations     | 1 |  1.8

Action                     |  1- 3 |  4- 6 |  7- 9 || total
---------------------------+-------+-------+-------++-------
  Melee: Long sword        |    84 |   183 |   387 ||   654
    Use: Scroll            |     4 |     2 |     8 ||    14
         Potion            |       |     2 |     3 ||     5
 Armour: Chain mail        |    70 |   181 |   328 ||   579
  Dodge: Dodged            |    16 |    85 |   153 ||   254
  Block: Buckler           |    16 |    69 |   151 ||   236

Table legend: (Time is in decaauts)
 A = Elapsed time spent in this place.
 B = Non-inter-level travel time spent in this place.
 C = Inter-level travel time spent in this place.
 D = Time resting spent in this place.
 E = Time spent auto-exploring this place.
 F = Levels seen in this place.
 G = Mean time per level.
                   A        B        C        D        E       F      G
               +--------+--------+--------+--------+--------+-----+--------+
         Total |   6593 |   6325 |    268 |     84 |   4168 |   9 |  732.6 |
       Dungeon |   6365 |   6109 |    256 |     84 |   4069 |   7 |  909.3 |
        Temple |     14 |      2 |     12 |      0 |      0 |   1 |   14.0 |
         Sewer |    213 |    213 |      0 |      0 |     99 |   1 |  213.0 |
               +--------+--------+--------+--------+--------+-----+--------+

Top non-repeatable levels by time:
     D:6: 1354 daAuts
     D:2: 1192 daAuts
     D:4: 1152 daAuts
     D:5: 791 daAuts
     D:1: 728 daAuts
     D:3: 622 daAuts
     D:7: 523 daAuts
   Sewer: 213 daAuts
  Temple: 14 daAuts
